 Dungeon Crawl Stone Soup version 0.30-b1-2-g02819fbbbe (webtiles) character file.

Game seed: 11101230814085001428

599 Flugkiller the Trooper (level 7, 0/45 HPs)
             Began as a Gargoyle Fighter on May 13, 2023.
             Was an Initiate of the Shining One.
             Slain by Blork the orc
             ... wielding a +0 battleaxe
              (4 damage)
             ... on level 5 of the Dungeon.
             The game lasted 00:03:01 (3089 turns).

Flugkiller the Trooper (Gargoyle Fighter)           Turns: 3089, Time: 00:03:02

Health: 0/45       AC: 19    Str: 22    XL:     7   Next: 41%
Magic:  7/7        EV:  6    Int:  8    God:    the Shining One [......]
Gold:   81         SH: 10    Dex: 15    Spells: 6/6 levels left

rFire   . . .        v - +0 broad axe
rCold   . . .        c - +0 buckler
rNeg    + . .        u - +0 plate armour
rPois   ∞            (no helmet)
rElec   +            a - +0 cloak
rCorr   .            e - +0 pair of gloves
SInv    .            (no boots)
Will    .....        o - amulet of reflection
Stlth   x              - +6 ring of dexterity
HPRegen 0.27/turn    (no ring)
MPRegen 0.10/turn

%: reflection
@: glowing
A: sickness immunity, AC +4, negative energy resistance 1, electricity
resistance, torment resistance 1, petrification resistance
a: Renounce Religion


You were on level 5 of the Dungeon.
You worshipped the Shining One.
The Shining One was noncommittal.
You visited 2 branches of the dungeon, and saw 6 of its levels.

You collected 81 gold pieces.

Inventory:

Hand Weapons
 v - a +0 broad axe (weapon)
   (You found it on level 4 of the Dungeon)
Missiles
 h - a throwing net (quivered)
Armour
 a - a +0 cloak (worn)
   (You found it on level 4 of the Dungeon)
 c - a +0 buckler (worn)
 e - a +0 pair of gloves (worn)
   (You found it on level 2 of the Dungeon)
 u - a +0 plate armour (worn)
   (You found it on level 3 of the Dungeon)
Jewellery
 i - a ring of wizardry
   (You found it on level 3 of the Dungeon)
 o - an amulet of reflection (around neck)
   (You found it on level 2 of the Dungeon)
 x - a +6 ring of dexterity (left hand)
   (You found it on level 4 of the Dungeon)
Wands
 r - a wand of charming (8)
   (You found it on level 4 of the Dungeon)
 y - a wand of light (5)
   (You took it off Grinder on level 3 of the Dungeon)
Scrolls
 g - a scroll of enchant weapon
 j - a scroll of vulnerability {unknown}
 l - a scroll of summoning {unknown}
 n - a scroll of fear
 p - a scroll of fog {unknown}
 s - 2 scrolls of poison
 t - 3 scrolls of teleportation
 B - 3 scrolls of immolation {unknown}
 E - a scroll of enchant armour {unknown}
 F - a scroll of magic mapping {unknown}
Potions
 b - a potion of ambrosia {unknown}
 d - 5 potions of might
 f - 2 potions of flight {unknown}
 k - 2 potions of lignification {unknown}
 m - 2 potions of berserk rage {unknown}
 q - 3 potions of curing
 w - 2 potions of heal wounds
 z - a potion of magic {unknown}
 A - a potion of degeneration {unknown}
 C - a potion of haste {unknown}
 D - a potion of brilliance {unknown}


   Skills:
 * Level 5.9 Fighting
 * Level 4.3 Axes
 + Level 4.7 Armour
 + Level 4.6 Shields
 + Level 0.1 Invocations
 + Level 0.4 Evocations


You had 6 spell levels left.
You didn't know any spells.
Your spell library was empty.

Dungeon Overview and Level Annotations

Branches:
Dungeon (5/15) Zot: 26842  Temple (1/1) D:4 Zot: 5943

Altars:
Ashenzari
Dithmenos
Elyvilon
Fedhas
Gozag
Kikubaaqudgha
Makhleb
Nemelex Xobeh
Okawaru
Qazlal
Ru
Sif Muna
Trog
Uskayaw
Vehumet
Wu Jian
Xom
Yredelemnul
Zin
The Shining One

Annotations:
D:5 Blork the orc, Menkaure


Innate Abilities, Weirdness & Mutations

You are immune to sickness and miasma.
Your stone body is resilient. (AC +4)
You are immune to poison.
You resist negative energy. (rN+)
You are resistant to electric shocks. (rElec)
You are resistant to unholy torment.
You are immune to petrification.


Message History

You barely miss the scorpion.
The scorpion is almost dead.
The scorpion stings you but does no damage.
You barely miss the scorpion.
The scorpion is almost dead.
The scorpion barely misses you.
The scorpion stings you but does no damage.
You closely miss the scorpion.
The scorpion is almost dead.
The scorpion stings you but does no damage.
You block the scorpion's attack.
You hit the scorpion.
You kill the scorpion!
There is an open door here.
There is a staircase to the Ecumenical Temple here.
You climb downwards.
Welcome to the Ecumenical Temple!
Found four altars.
There is a staircase back to the Dungeon here.
Found an opulent altar of Gozag.
Found a white marble altar of Elyvilon.
Found a shimmering altar of Xom.
There is a burning altar of Makhleb here.
Found an ornate altar of the Wu Jian Council.
Found a stormy altar of Qazlal.
You enter the shallow water.
Moving in this stuff is going to be slow.
Found a glowing golden altar of the Shining One and a sacrificial altar of Ru.
Found a hide-covered altar of Uskayaw.
There is a glowing golden altar of the Shining One here.
You kneel at the altar of the Shining One.
The Shining One welcomes you!
You enter the shallow water.
Moving in this stuff is going to be slow.
Found a shimmering blue altar of Sif Muna.
There is a hide-covered altar of Uskayaw here.
There is a staircase back to the Dungeon here.
You climb upwards.
Welcome back to the Dungeon!
There is a staircase to the Ecumenical Temple here.
You open the door.
There is an open door here.
Done exploring.
Done exploring.
Done exploring.
Done exploring.
(D) Dungeon (T) Temple
Where to? (Enter - Temple @ (x,y), ? - help)
There is a stone staircase leading down here.
You climb downwards.
The jelly quivers.
Found a ring mail.
Found a stone staircase leading down.
There is a stone staircase leading up here.
A jelly is nearby!
Unknown command.
A jelly is nearby!
A jelly is nearby!
You barely miss the jelly. The jelly barely misses you.
You slash the jelly!
You kill the jelly!
No target in view!
There is a stone staircase leading up here.
Found 3 stones.
Found a basalt altar of Yredelemnul and an ancient bone altar of Kikubaaqudgha.
Found a shortbow.
Menkaure shouts!
Blork the orc comes into view.
He is wielding a +0 battleaxe.
Found 11 gold pieces.
Blork the orc shouts!
Blork the orc is nearby!
Blork the orc looks braver for a moment.
Blork the orc hits you with a +0 battleaxe!
You closely miss Blork the orc.
Blork the orc drinks a potion.
Blork the orc seems to grow stronger.
Blork the orc points at you and mumbles some strange words.
You block puff of flame... and reflect it back!
The puff of flame hits Blork the orc!
You slash Blork the orc!
Blork the orc is severely wounded.
You block Blork the orc's attack.
You hit Blork the orc but do no damage.
Blork the orc is severely wounded.
Blork the orc hits you with a +0 battleaxe! x2
You are too injured to fight recklessly!
You barely miss Blork the orc.
Blork the orc is severely wounded.
Blork the orc hits you with a +0 battleaxe!
* * * LOW HITPOINT WARNING * * *
Unknown command.
Okay, then.
Aiming: Bolt of Light
Press: ? - help, Shift-Dir - straight line, f - Blork the orc
Aim: Blork the orc, wielding a +0 battleaxe and wearing a +0 robe (severely wounded, strong, 75% to hit)
The bolt of light misses Blork the orc.
Blork the orc barely misses you.
Aiming: Bolt of Light
Press: ? - help, Shift-Dir - straight line, f/p - Blork the orc
Aim: Blork the orc, wielding a +0 battleaxe and wearing a +0 robe (severely wounded, strong, 75% to hit)
The bolt of light hits Blork the orc!
Blork the orc is almost dead.
Blork the orc is blinded.
Blork the orc hits you with a +0 battleaxe.
You die...

### ########## ...
.##......### ..)#
..#.........# #.$#.
#.......<...# #._#.#
#...........# ..=#..#
##...[>......#
..M#©.o####.............
..n#...@................
#.Z#.######.............
#.$ #............# .
##...........#
#..#...(....#
##.###.....## #.#
####.## ... ### ###.


You could see Blork the orc (strong, blind), a necrophage, Menkaure and a hound
skeleton.

Vanquished Creatures
  Grinder (D:3)
  A scorpion (D:4)
  A hound (D:4)
  A jelly (D:5)
  An orc priest (D:3)
  Natasha (thrice) (D:2)
  2 orc wizards
  4 adders
  3 worms
  2 dart slugs (D:1)
  3 orcs
  7 bats
  14 endoplasms
  4 giant cockroaches
  11 goblins
  4 hobgoblins
  4 jackals
  3 quokkas
  7 ball pythons
  3 frilled lizards
  3 kobolds
  5 rats
87 creatures vanquished.

Notes
Turn   | Place    | Note
-------+----------+-------------------------------------------
     0 | D:1      | Flugkiller the Gargoyle Fighter began the quest for the
                  | Orb.
     0 | D:1      | Reached XP level 1. HP: 14/14 MP: 1/1
    66 | D:1      | Reached XP level 2. HP: 19/19 MP: 2/2
   384 | D:1      | Reached XP level 3. HP: 22/24 MP: 3/3
   732 | D:2      | Noticed Natasha
   741 | D:2      | Killed Natasha
   742 | D:2      | Reached skill level 4 in Fighting
   742 | D:2      | Reached XP level 4. HP: 17/29 MP: 4/4
  1013 | D:2      | Noticed Natasha
  1024 | D:2      | Killed Natasha
  1025 | D:2      | Reached XP level 5. HP: 28/34 MP: 5/5
  1038 | D:2      | Noticed Natasha
  1048 | D:2      | Killed Natasha
  1786 | D:3      | Reached XP level 6. HP: 37/40 MP: 6/6
  2120 | D:3      | Reached skill level 5 in Fighting
  2274 | D:4      | Found a radiant altar of Vehumet.
  2279 | D:4      | Found a shadowy altar of Dithmenos.
  2287 | D:4      | Found an iron altar of Okawaru.
  2287 | D:4      | Found a broken altar of Ashenzari.
  2299 | D:4      | Found a sparkling altar of Nemelex Xobeh.
  2319 | D:4      | Noticed Grinder
  2456 | D:4      | Paralysed by Grinder for 4 turns
  2472 | D:3      | Killed Grinder
  2473 | D:3      | Reached XP level 7. HP: 28/45 MP: 7/7
  2892 | D:4      | Found a staircase to the Ecumenical Temple.
  2912 | Temple   | Entered the Ecumenical Temple
  2953 | Temple   | Became a worshipper of the Shining One
  3055 | D:5      | Entered Level 5 of the Dungeon
  3077 | D:5      | Found a basalt altar of Yredelemnul.
  3077 | D:5      | Found an ancient bone altar of Kikubaaqudgha.
  3078 | D:5      | Noticed Menkaure
  3079 | D:5      | Noticed Blork the orc
  3089 | D:5      | Slain by Blork the orc

Illustrated notes

Levels and vault maps discovered:
D:1:      onia_arrival_mini_maze_b, layout_rooms
D:2:      layout_loops_ring, kennysheep_generic_room_14, uniq_natasha
D:3:      layout_loops_ring
D:4:      layout_cave_pools, nicolae_overflow_hallway_of_the_gods, temple_green,
          uniq_grinder
D:5:      layout_cave_pods, gammafunk_temple_of_torment, minmay_misc_feat_tiny,
          minmay_door_square, uniq_blork_the_orc, uniq_crazy_yiuf_cottage
Temple:   nicolae_temple_bog_church

Skill      XL: |  1  2  3  4  5  6 |
---------------+-------------------+-----
Axes           | 2 3 4 |  4.3
Fighting       | 4 5 |  5.9
Armour         | 4 |  4.7
Shields        | 4 |  4.6
Invocations    | |  0.1
Evocations     | |  0.4

Action                     |  1- 3 |  4- 6 |  7- 9 || total
---------------------------+-------+-------+-------++-------
  Melee: War axe           |    75 |   132 |       ||   207
         Broad axe         |       |    25 |    40 ||    65
  Evoke: Wand              |       |       |     2 ||     2
    Use: Scroll            |       |     7 |       ||     7
 Armour: Scale mail        |    47 |     8 |       ||    55
         Chain mail        |       |    60 |       ||    60
         Plate armour      |       |    29 |    16 ||    45
  Dodge: Dodged            |    43 |    38 |    14 ||    95
  Block: Buckler           |    20 |    65 |    22 ||   107
         Reflection        |       |       |     1 ||     1
